 Dungeon Crawl Stone Soup version 0.17-a0-1718-g72dbe4d (webtiles) character file.

9014 karlkraus the Blocker (level 11, 0/97 HPs)
             Began as a Minotaur Fighter on Aug 24, 2015.
             Was an Initiate of Makhleb.
             Slain by a hill giant
             ... wielding a +0 giant club
              (15 damage)
             ... on level 10 of the Dungeon.
             The game lasted 00:27:45 (8431 turns).

karlkraus the Blocker (Minotaur Fighter)            Turns: 8431, Time: 00:27:45

Health: 0/97       AC: 20    Str: 30    XL:     11   Next: 17%
Magic:  1/1        EV:  6    Int:  5    God:    Makhleb [......]
Gold:   154        SH:  7    Dex: 13    Spells: 0 memorised, 10 levels left

rFire  x . .     SeeInvis .     v - +4 flail (holy)
rCold  + . .     Clarity  .     i - +1 crystal plate armour
rNeg   . . .     SustAt   .     B - +0 buckler of Bomnopryh {+Inv Str+9} (curse)
rPois  +         Gourm    .     (helmet restricted)
rElec  .         Spirit   .     a - +1 cloak
rCorr  .         Warding  .     (no gloves)
rMut   .         Stasis   .     k - +0 pair of boots
MR     +++..                    (no amulet)
Stlth  ..........               d - ring of Lemupo {rPois rF- rC+ MR+++ MP-9}
                                D - ring of stealth

@: extremely resistant to hostile enchantments, extremely unstealthy
A: retaliatory headbutt, horns 2, yellow scales 1, deformed body
a: Renounce Religion, Evoke Invisibility


You were on level 10 of the Dungeon.
You worshipped Makhleb.
Makhleb was noncommittal.
You were not hungry.

You visited 2 branches of the dungeon, and saw 11 of its levels.
You also visited: Ossuary and Bailey.

You collected 644 gold pieces.
You spent 490 gold pieces at shops.

Inventory:

Hand weapons
 u - a +2 hammer of protection
 v - a +4 flail of holy wrath (weapon)
 I - a +4 mace
 K - a +2 flail of draining
Armour
 a - a +1 cloak (worn)
 i - a +1 crystal plate armour (worn)
 k - a +0 pair of boots (worn)
 B - the cursed +0 buckler of Bomnopryh (worn) {+Inv Str+9}
   (You bought it in a shop on level 7 of the Dungeon)

   It affects your strength (+9).
   It lets you turn invisible.
   It has a curse placed upon it.
 J - a +4 plate armour
Jewellery
 c - an uncursed amulet of stasis {unknown}
 d - the ring of Lemupo (right hand) {rPois rF- rC+ MR+++ MP-9}
   (You acquired it in a bailey)

   [ring of protection from cold]

   It makes you vulnerable to fire.
   It protects you from cold.
   It protects you from poison.
   It affects your resistance to hostile enchantments.
   It affects your magic capacity (-9).
 D - a ring of stealth (left hand)
Magical devices
 b - a wand of invisibility (7)
 f - a wand of confusion (48)
 G - a wand of digging (16)
 O - a wand of disintegration (14)
Scrolls
 g - a scroll of teleportation
 m - 5 scrolls of remove curse
 o - 3 scrolls of enchant armour
 r - 6 scrolls of fear
 x - a scroll of brand weapon {unknown}
 y - 6 scrolls of enchant weapon
 C - a scroll of recharging
 E - 2 scrolls of identify
 F - 2 scrolls of immolation
 L - a scroll of blinking
 P - a scroll of silence {unknown}
 T - a scroll of fog {unknown}
Potions
 j - 4 potions of berserk rage
 l - 13 potions of poison
 p - 2 potions of flight
 s - a potion of ambrosia
 w - 13 potions of curing
 z - 5 potions of degeneration
 A - 3 potions of resistance
 H - a potion of brilliance {unknown}
 M - a potion of haste {unknown}
 Q - a potion of heal wounds
 R - a potion of invisibility {unknown}
Comestibles
 e - 6 bread rations
 h - a royal jelly
 n - 10 fruits
 q - 3 slices of pizza
 t - 3 meat rations
 N - 5 beef jerkies
 S - 2 chunks of flesh


   Skills:
 + Level 9.0 Fighting
 + Level 10.9 Maces & Flails
 + Level 10.2 Armour
 + Level 1.0 Stealth
 + Level 12.8 Shields


You had 10 spell levels left.
You didn't know any spells.

Dungeon Overview and Level Annotations

Branches:
Dungeon (10/15)            Temple (1/1) D:6             Orc (0/4) D:9
   Lair: D:8-11

Altars:
Ashenzari
Cheibriados
Dithmenos
Elyvilon
Fedhas
Gozag
Kikubaaqudgha
Makhleb
Nemelex Xobeh
Okawaru
Qazlal
Ru
Sif Muna
Trog
Vehumet
Xom
Yredelemnul
Zin
The Shining One
Lugonu

Shops:
D:4 *   D:7 [


Innate Abilities, Weirdness & Mutations

You reflexively headbutt those who attack you in melee.
You have a pair of horns on your head.
You are partially covered in yellow scales (AC +2).
Armour fits poorly on your strangely shaped body.


Message History

You headbutt the hill giant, but do no damage.
The hill giant is moderately wounded.
The hill giant hits you with a giant club!
* * * LOW HITPOINT WARNING * * *
You hit the hill giant.
The hill giant is moderately wounded.
You hit the hill giant.
The hill giant is moderately wounded.
The hill giant hits you with a giant club!
* * * LOW HITPOINT WARNING * * *
You thump the hill giant! You headbutt the hill giant.
The hill giant is heavily wounded.
The hill giant hits you but does no damage.
You bludgeon the hill giant!!
You headbutt the hill giant, but do no damage.
The hill giant is severely wounded.
You sock the hill giant! You headbutt the hill giant.
The hill giant is almost dead.
The hill giant hits you with a giant club!
You die...

#..........#
########.###
###.......#
#...#######
##'######
#......... #####
###.........
......#.'.........
....${C@#.........
......###...(.>...
..... #.........
..<. #.........
... ######### ##


You could see a hill giant.

Vanquished Creatures
  Urug (D:10)
  A hill giant (D:10)
  Pikel (D:6)
  4 orc knights (Bailey)
  Maurice (D:8)
  2 hungry ghosts
  The ghost of Zebulonius the Cleaver, an average MiBe of Trog (D:4)
  Menkaure (D:4)
  Edmund (D:6)
  Duvessa (D:6)
  9 orc warriors
  3 sky beasts
  A swamp drake (D:9)
  A black bear (D:6)
  2 phantoms
  An ice beast (D:5)
  5 ogres
  Blork the orc (D:5)
  4 giant frogs
  Dowan (D:6)
  A water moccasin skeleton (D:7)
  A water moccasin zombie (D:8)
  8 scorpions
  9 crimson imps
  5 centaur zombies
  A giant frog zombie (D:6)
  8 orc priests
  6 orc wizards
  Crazy Yiuf (D:3)
  6 hounds
  4 jellies
  An iguana (D:8)
  3 worker ants
  3 big kobold zombies (Ossuary)
  2 hound skeletons
  3 mummies (Ossuary)
  2 worker ant zombies (D:8)
  6 gnolls
  2 scorpion zombies (Ossuary)
  7 adders
  An adder zombie (D:8)
  3 adder skeletons
  3 worms (D:2)
  4 giant geckos
  69 orcs
  3 giant cockroaches
  3 hobgoblins
  3 quokkas
  2 ball pythons
  6 bats
  A giant gecko skeleton (D:4)
  5 giant newts
  3 gnoll zombies (Ossuary)
  7 goblins
  3 hobgoblin zombies (Ossuary)
  10 jackals
  A jackal skeleton (D:7)
  A jackal zombie (D:7)
  4 kobolds
  2 kobold zombies (Ossuary)
  4 orc zombies (Ossuary)
  A quokka zombie (D:4)
  7 rats
  A rat zombie (D:4)
  A spectral orc (D:6)
  2 plants (Temple)
271 creatures vanquished.

Vanquished Creatures (others)
  A slave (D:6)
  A centaur (D:6)
  A scorpion (D:6)
  An orc wizard (D:6)
  2 orcs
  A butterfly (D:6)
7 creatures vanquished.

Grand Total: 278 creatures vanquished

Notes
Turn   | Place    | Note
--------------------------------------------------------------
     0 | D:1      | karlkraus the Minotaur Fighter began the quest for the Orb.
     0 | D:1      | Reached XP level 1. HP: 19/19 MP: 0/0
   109 | D:1      | Reached XP level 2. HP: 22/27 MP: 1/1
   379 | D:1      | Reached skill level 4 in Shields
   523 | D:2      | Found a faded altar to an unknown god.
   530 | D:2      | Reached XP level 3. HP: 24/33 MP: 2/2
   741 | D:2      | Reached XP level 4. HP: 8/40 MP: 3/3
  1016 | D:3      | Reached skill level 5 in Shields
  1101 | D:3      | Reached XP level 5. HP: 18/47 MP: 4/4
  1277 | D:3      | Found a deep blue altar of Sif Muna.
  1384 | D:3      | Reached skill level 5 in Armour
  1396 | D:3      | Noticed Crazy Yiuf
  1403 | D:3      | Killed Crazy Yiuf
  1576 | D:3      | Found a glowing silver altar of Zin.
  1577 | D:3      | Noticed an angel
  1760 | D:4      | Noticed a phantom
  1809 | D:4      | Found a white marble altar of Elyvilon.
  1815 | D:4      | Killed a phantom
  1815 | D:4      | Reached skill level 6 in Shields
  1815 | D:4      | Reached XP level 6. HP: 42/55 MP: 5/5
  1818 | D:4      | Noticed an ogre
  1827 | D:4      | Killed an ogre
  1827 | D:4      | Reached skill level 5 in Fighting
  2042 | D:4      | Found a sand-covered staircase.
  2055 | Ossuary  | Entered an ossuary
  2123 | Ossuary  | Reached XP level 7. HP: 57/61 MP: 6/6
  2217 | Ossuary  | Reached skill level 7 in Shields
  2224 | Ossuary  | Reached skill level 5 in Maces & Flails
  2468 | D:4      | Noticed Menkaure
  2474 | D:4      | Killed Menkaure
  2474 | D:4      | Reached XP level 8. HP: 53/69 MP: 7/7
  2475 | D:4      | Noticed Zebulonius's ghost (average MiBe)
  2485 | D:4      | Killed Zebulonius's ghost
  2485 | D:4      | Reached skill level 8 in Shields
  2529 | D:4      | Found Kaolem's General Store.
  2535 | D:4      | Bought a potion of curing for 39 gold pieces
  2535 | D:4      | Bought a scroll of identify for 26 gold pieces
  2535 | D:4      | Bought a potion of poison for 13 gold pieces
  3254 | D:5      | Entered Level 5 of the Dungeon
  3415 | D:5      | Noticed Blork the orc
  3432 | D:5      | Killed Blork the orc
  3870 | D:5      | Reached skill level 9 in Shields
  3873 | D:5      | Gained mutation: You expend magic power (3 MP) to strengthen your wands. [potion of mutation]
  3873 | D:5      | Gained mutation: You are weak. (Str -2) [potion of mutation]
  3873 | D:5      | Gained mutation: You are very weak. (Str -4) [potion of mutation]
  3874 | D:5      | Gained mutation: Your magical capacity is low (-10% MP). [potion of mutation]
  3874 | D:5      | Lost mutation: You expend magic power (3 MP) to strengthen your wands. [potion of mutation]
  3875 | D:5      | Gained mutation: You are partially covered in yellow scales (AC +2). [potion of mutation]
  3875 | D:5      | Gained mutation: You expend magic power (3 MP) to strengthen your wands. [potion of mutation]
  3935 | D:5      | Found a bloodstained altar of Trog.
  4076 | D:5      | Reached XP level 9. HP: 77/77 MP: 7/7
  4172 | D:5      | Found a stormy altar of Qazlal.
  4173 | D:5      | Lost mutation: You expend magic power (3 MP) to strengthen your wands. [potion of cure mutation]
  4173 | D:5      | Lost mutation: Your magical capacity is low (-10% MP). [potion of cure mutation]
  4173 | D:5      | Lost mutation: You are very weak. (Str -4) [potion of cure mutation]
  4173 | D:5      | Lost mutation: You are weak. (Str -2) [potion of cure mutation]
  4248 | D:6      | Noticed Edmund
  4272 | D:6      | Killed Edmund
  4415 | D:6      | Noticed Duvessa
  4433 | D:6      | Killed Duvessa
  4434 | D:6      | Noticed Dowan
  4447 | D:6      | Killed Dowan
  4478 | D:6      | Noticed Pikel
  4501 | D:6      | Killed Pikel
  4501 | D:6      | Reached skill level 10 in Shields
  4654 | D:6      | Found a staircase to the Ecumenical Temple.
  4667 | Temple   | Entered the Ecumenical Temple
  4897 | D:6      | Found a basalt altar of Yredelemnul.
  5063 | D:7      | Found Osen Lepp's Armour Boutique.
  5473 | D:7      | Found a radiant altar of Vehumet.
  5473 | D:7      | Found an iron altar of Okawaru.
  5547 | D:7      | Reached XP level 10. HP: 83/86 MP: 9/9
  5782 | D:8      | Noticed Maurice
  5815 | D:8      | Killed Maurice
  5815 | D:8      | Reached skill level 11 in Shields
  6054 | D:8      | Reached skill level 10 in Maces & Flails
  6065 | D:8      | Gained mutation: You are clumsy. (Dex -2) [mutagenic meat]
  6066 | D:8      | Gained mutation: Your mind is acute. (Int +2) [mutagenic meat]
  6068 | D:8      | Gained mutation: You have a pair of large horns on your head. [mutagenic meat]
  6069 | D:8      | Gained mutation: You possess an exceptional clarity of mind. [mutagenic meat]
  6092 | D:8      | Found an ancient bone altar of Kikubaaqudgha.
  6263 | D:8      | Found a sacrificial altar of Ru.
  6326 | D:9      | Found a glowing golden altar of the Shining One.
  6380 | D:9      | Found a flagged portal.
  6395 | Bailey   | Entered a bailey
  6561 | Bailey   | Noticed an orc knight
  6612 | Bailey   | Killed an orc knight
  6891 | Bailey   | Identified a scroll of acquirement
  6894 | Bailey   | Got a bound granite ring
  6895 | Bailey   | Identified the ring of Lemupo {rPois rF- rC+ MR+++ MP-9} (You acquired it in a bailey)
  6921 | Bailey   | Noticed an orc knight
  6947 | Bailey   | Killed an orc knight
  6947 | Bailey   | Reached skill level 12 in Shields
  6959 | Bailey   | Noticed an orc knight
  6990 | Bailey   | Killed an orc knight
  7030 | Bailey   | Noticed an orc knight
  7048 | Bailey   | Killed an orc knight
  7379 | D:8      | Found a sparkling altar of Nemelex Xobeh.
  7389 | D:9      | Found a shimmering altar of Xom.
  7528 | D:7      | Bought the cursed +0 buckler of Bomnopryh {+Inv Str+9} for 412 gold pieces
  7635 | D:9      | Found a staircase to the Orcish Mines.
  7857 | D:9      | Reached skill level 10 in Armour
  7866 | D:9      | Lost mutation: Your mind is acute. (Int +2) [mutagenic meat]
  7867 | D:9      | Gained mutation: Armour fits poorly on your strangely shaped body. [mutagenic meat]
  7903 | D:9      | Lost mutation: You have a pair of large horns on your head. [potion of cure mutation]
  7903 | D:9      | Lost mutation: You possess an exceptional clarity of mind. [potion of cure mutation]
  7903 | D:9      | Lost mutation: You are clumsy. (Dex -2) [potion of cure mutation]
  8001 | D:9      | Reached XP level 11. HP: 66/95 MP: 1/10
  8012 | D:9      | Found a burning altar of Makhleb.
  8087 | D:9      | Became a worshipper of Makhleb the Destroyer
  8266 | D:10     | Entered Level 10 of the Dungeon
  8370 | D:10     | Noticed a hill giant
  8375 | D:10     | Killed a hill giant
  8407 | D:10     | Noticed Urug
  8407 | D:10     | Noticed a hill giant
  8425 | D:10     | Killed Urug
  8425 | D:10     | Reached skill level 1 in Stealth
  8431 | D:10     | Slain by a hill giant

Vault maps used:
D:1:      lightli_arrival_isolated_outpost
D:2:      ecumenical_altar_2
D:3:      overflow_temple_1_default, zin_angel, first_bread,
          uniq_crazy_yiuf_cottage
D:4:      lemuel_crystal_altar, enter_ossuary_4, serial_shops,
          nicolae_shop_waterfront, lemuel_flame_loot_1, uniq_menkaure
D:5:      lightli_temple_of_fire, kennysheep_mini_moat, uniq_blork_the_orc
D:6:      yredelemnul_forgotten_temple_becter, minmay_temple_entry_butterflies,
          uniq_pikel, uniq_edmund, uniq_duvessa
D:7:      gammafunk_temple_overflow_statue, serial_shops, nicolae_shop_trees
D:8:      nicolae_overflow_hidden_temple, lemuel_round_altar, kennysheep_mini,
          uniq_maurice
D:9:      kennysheep_little_box, tso_altar, erik_orc_1, basic_altar,
          enter_bailey_1, nrook_mini_vaults
D:10:     serial_shops, shop, nicolae_alphabet_shops, uniq_urug
Temple:   corrupted_temple
Ossuary:  ossuary_minmay_scorpions
Bailey:   bailey_polearm_5, bailey

Action                   |  1- 3 |  4- 6 |  7- 9 | 10-12 || total
-------------------------+-------+-------+-------+-------++-------
Melee: Flail             |   123 |   121 |    89 |   156 ||   489
       Hammer            |       |    85 |   454 |   196 ||   735
  Use: Potion            |       |     1 |     5 |     9 ||    15
       Scroll            |       |       |    15 |     9 ||    24
 Stab: Confused          |       |       |       |     1 ||     1
  Eat: Chunk             |       |     4 |    12 |    17 ||    33
       Fruit             |       |     1 |     2 |       ||     3
